 Dungeon Crawl Stone Soup version 0.19.1-1-g22dce08 (console) character file.

1594 athaudia the Archer (level 8, -14/82 HPs)
             Began as a High Elf Hunter on Jan 2, 2017.
             Demolished by an orc warrior
             ... wielding a +0 glaive
              (17 damage)
             ... on level 6 of the Dungeon.
             The game lasted 00:46:49 (4601 turns).

athaudia the Archer (High Elf Hunter)               Turns: 4601, Time: 00:46:49

Health: -14/82     AC: 24    Str: 13    XL:     8   Next: 62%
Magic:  9/9        EV:  2    Int: 15    God:
Gold:   258        SH:  0    Dex: 18    Spells: 0 memorised, 7 levels left

rFire  . . .     SeeInvis .     a - +1 shortbow
rCold  . . .     Gourm    .     (armour currently unavailable)
rNeg   + + +     Faith    .     (shield currently unavailable)
rPois  +         Spirit   .     (helmet currently unavailable)
rElec  .         Reflect  .     (cloak currently unavailable)
rCorr  .         Harm     .     (gloves currently unavailable)
MR     .....     NoTele   +     (boots currently unavailable)
Stlth  ++........               (no amulet)
                                r - +2 ring of strength
                                p - ring of poison resistance

@: tree-form
A: no striking features
a: no special abilities


You were on level 6 of the Dungeon.
You were very hungry.
You were a tree.
You visited 1 branch of the dungeon, and saw 6 of its levels.
You also visited: Sewer.

You collected 258 gold pieces.

Inventory:

Hand Weapons
 a - a +1 shortbow (weapon)
 b - a +0 short sword
Missiles
 d - 24 arrows (quivered)
Armour
 c - a +0 leather armour (melded)
 g - a +0 cloak
 i - a +0 robe
 k - a +0 leather armour
Jewellery
 p - a ring of poison resistance (left branch)
 r - a +2 ring of strength (right branch)
 u - a +2 ring of strength
Scrolls
 w - 2 scrolls of identify
Potions
 j - a potion of cancellation
 l - a potion of invisibility {unknown}
 m - 2 potions of mutation {unknown}
 n - 2 potions of haste
 o - a potion of lignification
 t - 2 potions of flight
 v - a potion of agility {unknown}
Comestibles
 f - 5 bread rations
 h - a slice of pizza
 s - 4 fruits


   Skills:
 + Level 5.1 Fighting
 + Level 1.2 Short Blades
 + Level 12.0 Bows
 + Level 2.7 Armour
 + Level 3.7 Dodging
 + Level 1.8 Stealth


You had 7 spell levels left.
You didn't know any spells.

Dungeon Overview and Level Annotations

Branches:
Dungeon (6/15)
 Temple: D:4-7

Altars:
Cheibriados
Hepliaklqana
Trog

Annotations:
D:6 KingOfRats's ghost, novice HuWn


Message History

Aim: KingOfRats's ghost, wielding a weapon of flaming (almost destroyed)
You shoot an arrow.
The arrow hits KingOfRats's ghost but does no damage.
KingOfRats's ghost is almost destroyed.
The orc warrior closely misses you. KingOfRats's ghost hits you!
* * * LOW HITPOINT WARNING * * *
KingOfRats's ghost burns you!
* * * LOW HITPOINT WARNING * * *
You feel better. KingOfRats's ghost closely misses you.
You feel better. The orc warrior misses you. KingOfRats's ghost hits you!
* * * LOW HITPOINT WARNING * * *
KingOfRats's ghost burns you.
* * * LOW HITPOINT WARNING * * *
You are too injured to fight recklessly!
It was a potion of lignification.
You turn into a tree.
Your +0 leather armour melds into your body.
Your roots penetrate the ground.
You are feeling very hungry.
The orc warrior hits you from afar with a glaive!
You die...

#.............# #>..<.)#.#.# #.........#'###
######.#.#.# #.......###.# #)#.#.## #.......#
#.# ########)#.#..# ########...###.# #.#
#.............# .......'....##.# #.#
#.#######.....# ########....##.# #.# #.####
#.._..## <.####### #.....#.###+###....#
#......# ...=....# #...#.#............#
#......# #.# #####..............# ##.#...# #(#
##.............#####.#..##
####(#########.............'.....#.##
#............##........#...####..#.#
#............##........##### #..#.#######
#............##..##'#### #..#.......#
##............##..##.# #..#######.#
#.(..(......(.##..##.# #..# #.#
#(............##...#.# #..# #.#
#(.<..........##.....###########..#######.###
..(............o##.....#..................#...#
.((.......(....ZW♣.....#.################.###.#
.....################..#.#........# #.# #.#
..... .........#.#.######.#######.# #.# .....
#######..#.#.#..............# #.# ....
##>..#.#.###.########## #.# #.....#...#.#..
...l.....# ####..###.#.#.# ##########
#.....†..#.# #######.###.###.#
..........#...#.# ..######...###.#.#
...........# #.#.#### ...####....# #.†....#
#....#####.##.# #....'.....# #....#######
#.#+## #.# #.# #.


You could see an orc warrior, KingOfRats's ghost and a worker ant zombie.

Vanquished Creatures
  2 water moccasins
  2 ice beasts
  3 ogres
  An orc warrior (D:6)
  A black bear (D:6)
  A big kobold (Sewer)
  A scorpion (D:4)
  A howler monkey (D:5)
  A hound (D:5)
  6 orc priests
  4 orc wizards
  A worker ant (D:5)
  A hound skeleton (D:6)
  A howler monkey skeleton (D:6)
  2 river rats (Sewer)
  8 adders
  A shadow imp (D:6)
  2 oozes (D:1)
  A worm (D:2)
  3 dart slugs
  9 leopard geckos
  16 orcs
  3 ball pythons (D:2)
  12 bats
  7 giant cockroaches
  7 hobgoblins
  4 jackals
  11 kobolds
  A quokka (D:2)
  A ball python skeleton (D:4)
  7 frilled lizards
  4 goblins (D:1)
  A quokka skeleton (D:4)
  8 rats
134 creatures vanquished.

Vanquished Creatures (others)
  7 toadstools (D:1)
7 creatures vanquished.

Grand Total: 141 creatures vanquished

Notes
Turn   | Place    | Note
-------+----------+-------------------------------------------
     0 | D:1      | athaudia the High Elf Hunter began the quest for the Orb.
     0 | D:1      | Reached XP level 1. HP: 14/14 MP: 2/2
   306 | D:1      | Reached XP level 2. HP: 19/19 MP: 3/3
   417 | D:1      | Reached skill level 6 in Bows
   661 | D:1      | Reached XP level 3. HP: 24/24 MP: 4/4
  1145 | D:2      | Reached XP level 4. HP: 24/30 MP: 5/5
  1147 | D:2      | Reached skill level 7 in Bows
  1975 | D:3      | Reached XP level 5. HP: 26/36 MP: 6/6
  1977 | D:3      | Reached skill level 1 in Armour
  1978 | D:3      | Reached skill level 8 in Bows
  2148 | D:3      | Reached XP level 6. HP: 27/42 MP: 7/7
  2495 | D:4      | Found a hazy altar of Hepliaklqana.
  2534 | D:4      | Found a bloodstained altar of Trog.
  2559 | D:4      | Reached skill level 9 in Bows
  2674 | D:4      | Reached skill level 1 in Short Blades
  2674 | D:4      | Reached XP level 7. HP: 27/46 MP: 8/8
  2855 | D:4      | Found a glowing drain.
  2875 | Sewer    | Entered a sewer
  3015 | Sewer    | Found a glowing silver altar of Zin.
  3285 | D:5      | Entered Level 5 of the Dungeon
  3346 | D:5      | Reached skill level 10 in Bows
  3698 | D:5      | Reached skill level 11 in Bows
  3698 | D:5      | Reached XP level 8. HP: 40/54 MP: 9/9
  4156 | D:6      | Found a snail-covered altar of Cheibriados.
  4274 | D:6      | Reached skill level 5 in Fighting
  4468 | D:6      | Reached skill level 12 in Bows
  4548 | D:6      | Noticed KingOfRats's ghost (novice HuWn)
  4598 | D:6      | HP: 1/55 [KingOfRats's ghost (7)]
  4601 | D:6      | Demolished by an orc warrior

Skill      XL: |  1  2  3  4  5  6  7  8 |
---------------+-------------------------+-----
Bows           | 6 7 8 9 11 12 | 12.0
Armour         | 1 2 |  2.7
Fighting       | 3 4 5 |  5.1
Dodging        | 3 |  3.7
Short Blades   | 1 |  1.2
Stealth        | |  1.8

Action                   |  1- 3 |  4- 6 |  7- 9 || total
-------------------------+-------+-------+-------++-------
Melee: Short sword       |       |     8 |       ||     8
 Fire: Shortbow          |   100 |   152 |   233 ||   485
  Use: Scroll            |     3 |     6 |     6 ||    15
       Potion            |     1 |     1 |    11 ||    13
  Eat: Chunk             |       |     5 |     5 ||    10
Armor: Leather armour    |     9 |     9 |     6 ||    24
Dodge: Dodged            |    15 |    30 |    64 ||   109
